 Dungeon Crawl Stone Soup version 0.25-a0-701-gb30f108f01 (webtiles) character file.

Game seed: 12841243900774935017, levelgen mode: deterministic

7584 Iscandelvey the Spear-Bearer (level 10, -3/79 HPs)
             Began as a Demonspawn Skald on Apr 3, 2020.
             Was a Believer of Kikubaaqudgha.
             Killed from afar by Josephine (26 damage)
             ... with a ghostly fireball
             ... on level 10 of the Dungeon.
             The game lasted 01:53:49 (13444 turns).

Iscandelvey the Spear-Bearer (Demonspawn Skald)    Turns: 13444, Time: 01:53:49

Health: -3/79      AC: 21    Str: 11 (12) XL:     10   Next: 97%
Magic:  18/18      EV: 10    Int: 15 (17) God:    Kikubaaqudgha [**....]
Gold:   511        SH:  0    Dex: 11 (13) Spells: 15/20 levels left

rFire    + + .     SeeInvis .   D - +2 mace (protect)
rCold    + . .     Gourm    .   (no shield)
rNeg     . . .     Faith    .   R - +2 scale mail {rF+}
rPois    +         Spirit   .   E - +0 helmet
rElec    +         Reflect  .   (no cloak)
rCorr    +         Harm     .   U - -2 pair of gloves of Sloth {+Inv} (curse)
MR       +....                  (no boots)
Stlth    ..........             (no amulet)
HPRegen  1.23/turn              J - +2 ring of protection
MPRegen  0.16/turn              f - ring of protection from magic

@: brilliant, resistant (expiring), protection aura, very slightly contaminated,
drained
A: talons 1, rugged brown scales 3, powered by death 1, spiny 1
a: Receive Corpses, Renounce Religion, Evoke Invisibility


You were on level 10 of the Dungeon.
You worshipped Kikubaaqudgha.
Kikubaaqudgha was pleased with you.
You were hungry.

You visited 2 branches of the dungeon, and saw 11 of its levels.
You also visited: Sewer.

You collected 511 gold pieces.

Inventory:

Hand Weapons
 a - a +0 spear
 b - a +7 spear
 A - a +3 dagger
 D - a +2 mace of protection (weapon)
 N - a +1 dagger of pain
 O - a +2 dagger of distortion
Missiles
 j - 215 stones
 n - 47 poisoned darts (quivered)
 t - 3 silver boomerangs
 z - 2 throwing nets
 L - 5 javelins
 S - 2 datura-tipped darts
Armour
 m - a scarf of spirit shield
 E - a +0 helmet (worn)
 I - a scarf of resistance
 R - a +2 scale mail of fire resistance (worn)
 U - the cursed -2 pair of gloves of Sloth (worn) {+Inv}
   (You found it on level 9 of the Dungeon)

   It lets you turn invisible.
   It has a curse placed upon it.
Magical Staves
 p - an uncursed staff of conjuration
Jewellery
 f - a ring of protection from magic (right hand)
 k - a +1 ring of protection
 C - an uncursed amulet of faith
 H - an uncursed ring of ice {unknown}
 J - a +2 ring of protection (left hand)
 K - an uncursed ring of magical power
 P - a cursed ring of teleportation {unknown}
Scrolls
 g - 2 scrolls of fear
 i - 5 scrolls of teleportation
 l - a scroll of enchant armour {unknown}
 o - a scroll of fog {unknown}
 s - a scroll of enchant weapon {unknown}
 y - 6 scrolls of remove curse
 B - 5 scrolls of blinking {unknown}
 F - a scroll of magic mapping {unknown}
 G - 2 scrolls of identify
Potions
 e - 4 potions of flight
 h - 2 potions of haste
 q - a potion of berserk rage {unknown}
 r - a potion of magic
 v - a potion of resistance
 w - 3 potions of degeneration
 x - a potion of brilliance
 M - 3 potions of stabbing
Miscellaneous
 Q - a box of beasts
Comestibles
 d - 16 rations
 T - 7 chunks of flesh


   Skills:
 - Level 5.0(4.4) Fighting
 * Level 8.7(8.1) Polearms
 - Level 4.9(4.3) Throwing
 - Level 5.1(4.5) Armour
 - Level 5.3(4.7) Dodging
 - Level 5.8(5.2) Spellcasting
 - Level 6.0(5.3) Charms
 * Level 3.6(3.0) Necromancy
 * Level 1.2(0.7) Evocations


You had 15 spell levels left.
You knew the following spells:

 Your Spells              Type           Power        Failure   Level  Hunger
a - Infusion              Chrm           ####         9%          1    None
b - Shroud of Golubria    Chrm/Tloc      ###...       38%         2    None
c - Song of Slaying       Chrm           ####....     14%         2    None

Your spell library contained the following spells:

 Spells                   Type           Power        Failure   Level  Hunger
 Animate Skeleton         Necr           N/A          24%         1    None
 Pain                     Necr           ###.         24%         1    None
 Sublimation of Blood     Necr           ###.......   34%         2    None
 Vampiric Draining        Necr           ###.......   56%         3    None
 Beastly Appendage        Tmut           #.....       63%         1    None
 Ozocubu's Armour         Chrm/Ice       ###.....     63%         3    None
 Spectral Weapon          Hex/Chrm       ###.....     63%         3    None
 Sticks to Snakes         Tmut           #.......     77%         2    None
 Animate Dead             Necr           N/A          93%         4    None
 Spider Form              Tmut/Pois      #.........   94%         3    None
 Cause Fear               Hex            #.........   100%        4    None
 Ice Form                 Ice/Tmut       #.......     100%        4    None
 Agony                    Necr           ###.....     100%        5    None
 Blade Hands              Tmut           #.........   100%        5    None
 Silence                  Hex/Air        #.........   100%        5    None
 Yara's Violent Unravell  Hex/Tmut       #.........   100%        5    None
 Deflect Missiles         Chrm/Air       ###.......   100%        6    None
 Discord                  Hex            #.........   100%        8    None


Dungeon Overview and Level Annotations

Branches:
Dungeon (10/15)            Temple (1/1) D:4            Lair (0/6) D:9
  Sewer (visited)
    Orc: D:9-12

Altars:
Cheibriados
Dithmenos
Elyvilon
Fedhas
Gozag
Hepliaklqana
Kikubaaqudgha
Makhleb
Okawaru
Qazlal
Ru
Sif Muna
Trog
Uskayaw
Vehumet
Wu Jian
Xom
Yredelemnul
Zin
The Shining One

Annotations:
D:4 exclusion: statue
D:9 Erica
D:10 Josephine


Innate Abilities, Weirdness & Mutations

You have sharp toenails.
You are completely covered in rugged brown scales. (AC +3, +7% HP)
You regenerate a little health from kills.
You are partially covered in sharp spines.


Message History

You kill the jackal!
Kikubaaqudgha accepts your kill. The gnoll is struck by your spines.
The gnoll hits you but does no damage.
You barely miss the gnoll.
Your attack snaps the gnoll out of its fear.
The gnoll is moderately wounded.
The gnoll is struck by your spines. The gnoll misses you.
Your scale mail prevents you from hitting the gnoll.
The gnoll is almost dead.
The gnoll barely misses you.
You hit the gnoll.
Your weapon exudes an aura of protection.
You kill the gnoll!
Kikubaaqudgha accepts your kill.
You start to feel less resistant.
Josephine points at you and mumbles some strange words.
The ghostly flame explodes!
The ghostly fireball engulfs you!!
You feel drained.
You die...
Kikubaaqudgha rasps: "You have failed me!
Welcome... death!"

........##
........# #..#
........##....g
#..#
......#.##.(..
#..#
.....##.##....
#..# ##. ....
##..#
....###.###...#
#.............#
#.........)@.#
#....@.....†.#
#.....########
#####


You could see Josephine.

Vanquished Creatures
  A two-headed ogre (D:7)
  A hornet (D:9)
  Prince Ribbit (D:5)
  Sigmund (D:4)
  Grum (D:9)
  5 hungry ghosts
  A vampire mosquito (D:7)
  3 porcupines
  3 sky beasts
  An ice beast (D:7)
  An orc warrior (D:7)
  An eye of draining (D:9)
  3 black bears
  2 necrophages (D:8)
  2 phantoms
  6 wolves
  4 ogres
  3 centaurs
  A crocodile (D:9)
  3 bullfrogs
  6 scorpions
  7 killer bees (D:10)
  6 howler monkeys
  5 wights (D:8)
  4 crimson imps
  10 hounds
  3 jellies
  3 orc priests (D:6)
  2 centaur skeletons
  4 iguanas
  5 orc wizards
  5 worker ants
  A hound zombie (D:7)
  A hound skeleton (D:6)
  A howler monkey zombie (D:8)
  4 gnolls
  A river rat (D:3)
  11 adders
  A howler monkey skeleton (D:4)
  3 shadow imps
  6 oozes
  An adder zombie (D:6)
  2 adder skeletons
  9 worms
  4 dart slugs
  6 leopard geckos
  30 orcs
  7 giant cockroaches
  7 goblins
  6 hobgoblins
  12 jackals
  4 quokkas
  7 ball pythons
  12 bats
  8 frilled lizards
  11 kobolds
  6 rats
265 creatures vanquished.

Vanquished Creatures (others)
  A fungus (D:9)
  A plant (D:9)
2 creatures vanquished.

Grand Total: 267 creatures vanquished

Notes
Turn   | Place    | Note
-------+----------+-------------------------------------------
     0 | D:1      | Iscandelvey the Demonspawn Skald began the quest for the
                  | Orb.
     0 | D:1      | Reached XP level 1. HP: 16/16 MP: 3/3
   656 | D:2      | Gained mutation: You regenerate a little health from kills.
                  | [demonic ancestry]
   656 | D:2      | Reached XP level 2. HP: 20/22 MP: 5/5
   703 | D:2      | Learned a level 2 spell: Shroud of Golubria
   706 | D:2      | Learned a level 2 spell: Song of Slaying
   880 | D:2      | Reached skill level 1 in Armour
   940 | D:2      | Reached skill level 2 in Polearms
  1183 | D:2      | Reached XP level 3. HP: 23/27 MP: 6/6
  1482 | D:2      | Found a shimmering altar of Xom.
  2584 | D:3      | Gained mutation: You are partially covered in rugged brown
                  | scales. (AC +1, +3% HP) [demonic ancestry]
  2584 | D:3      | Reached XP level 4. HP: 16/33 MP: 4/7
  2594 | D:3      | Found a glowing drain.
  2782 | Sewer    | Entered a sewer
  3006 | Sewer    | Reached skill level 1 in Throwing
  3787 | Sewer    | Gained mutation: You have sharp toenails. [demonic
                  | ancestry]
  3787 | Sewer    | Reached XP level 5. HP: 40/40 MP: 8/8
  4318 | D:3      | Found an opulent altar of Gozag.
  4961 | D:4      | Found a radiant altar of Vehumet.
  4961 | D:4      | Noticed a charred statue
  4976 | D:4      | Reached skill level 3 in Polearms
  5459 | D:4      | Reached XP level 6. HP: 33/47 MP: 8/10
  5632 | D:4      | Noticed Sigmund
  5646 | D:5      | Entered Level 5 of the Dungeon
  5665 | D:5      | You fall into a shaft and drop 2 floors!
  6410 | D:6      | Gained mutation: You are partially covered in sharp spines.
                  | [demonic ancestry]
  6410 | D:6      | Reached XP level 7. HP: 39/52 MP: 1/11
  6479 | D:6      | Reached skill level 4 in Polearms
  6613 | D:6      | Found a stormy altar of Qazlal.
  7043 | D:5      | Reached XP level 8. HP: 56/58 MP: 13/13
  7128 | D:5      | Found a burning altar of Makhleb.
  7415 | D:5      | Found a shadowy altar of Dithmenos.
  7525 | D:5      | Noticed Prince Ribbit
  7798 | D:6      | Reached skill level 5 in Polearms
  8871 | D:7      | Gained mutation: You are mostly covered in rugged brown
                  | scales. (AC +2, +5% HP) [demonic ancestry]
  8871 | D:7      | Reached XP level 9. HP: 60/67 MP: 15/15
  9180 | D:7      | Reached skill level 5 in Charms
  9312 | D:7      | Noticed a two-headed ogre
  9376 | D:7      | Killed a two-headed ogre
  9376 | D:7      | Reached skill level 5 in Spellcasting
  9398 | D:7      | Reached skill level 6 in Polearms
  9893 | D:7      | Reached skill level 5 in Dodging
 10653 | D:4      | Found a staircase to the Ecumenical Temple.
 10695 | Temple   | Entered the Ecumenical Temple
 10763 | Temple   | Became a worshipper of Kikubaaqudgha
 11066 | D:4      | Found a glowing golden altar of the Shining One.
 11189 | D:4      | Killed Sigmund
 11259 | D:4      | Found a basalt altar of Yredelemnul.
 11260 | D:4      | Found a hide-covered altar of Uskayaw.
 11351 | D:5      | Killed Prince Ribbit
 11351 | D:5      | Gained mutation: You are completely covered in rugged brown
                  | scales. (AC +3, +7% HP) [demonic ancestry]
 11351 | D:5      | Reached XP level 10. HP: 69/78 MP: 16/18
 11511 | D:8      | Found a hazy altar of Hepliaklqana.
 11725 | D:8      | Reached skill level 1 in Necromancy
 11744 | D:8      | Reached skill level 5 in Armour
 11902 | D:8      | Reached skill level 5 in Fighting
 12241 | D:8      | Found a glowing golden altar of the Shining One.
 12338 | D:9      | Found a glowing silver altar of Zin.
 12403 | D:9      | Reached * piety under Kikubaaqudgha
 12403 | D:9      | Identified Kikubaaqudgha's Compendium of Darkness
                  | (Kikubaaqudgha gifted it to you on level 9 of the Dungeon)
 12403 | D:9      | Received a gift from Kikubaaqudgha
 12412 | D:9      | Noticed Grum
 12423 | D:9      | Reached skill level 7 in Polearms
 12430 | D:9      | Killed Grum
 12749 | D:8      | Reached skill level 8 in Polearms
 12757 | D:9      | Noticed Erica
 13146 | D:9      | Got a pair of smoking gloves
 13152 | D:9      | Identified the cursed -2 pair of gloves of Sloth {+Inv}
                  | (You found it on level 9 of the Dungeon)
 13166 | D:9      | Found a staircase to the Lair.
 13287 | D:10     | Entered Level 10 of the Dungeon
 13291 | D:10     | Reached ** piety under Kikubaaqudgha
 13381 | D:10     | Reached skill level 1 in Evocations
 13399 | D:10     | Noticed Josephine
 13417 | D:10     | Noticed a manticore
 13444 | D:10     | Killed from afar by Josephine

Levels and vault maps discovered:
D:1:      lightli_arrival_chessboard, layout_basic, minmay_tromino_v4_c
D:2:      layout_basic, lemuel_round_altar, minmay_pentomino_pile
D:3:      layout_basic, grunt_gozag_statues, cheibrodos_sewer_entry_sluice,
          first_ration
D:4:      layout_basic, vehumet_statue, gammafunk_temple_overflow_statue,
          minmay_temple_entry_glass, tso_altar, uniq_sigmund
D:5:      layout_loops_ring, old_standard_altar, grunt_dithmenos_smoke,
          uniq_prince_ribbit1
D:6:      layout_rooms, basic_altar, minmay_puff
D:7:      minmay_the_grid_triangle_9x9_rhombus_full
          [minmay_the_grid_triangle_9x9_negative_grid,
          minmay_the_grid_triangle_9x9_descending_squares,
          minmay_the_grid_triangle_9x9_corrupted_corridor,
          minmay_the_grid_triangle_9x9_pentomino_pain,
          minmay_the_grid_triangle_9x9_windchime,
          minmay_the_grid_triangle_9x9_wacky_v,
          minmay_the_grid_triangle_9x9_empty,
          minmay_the_grid_triangle_9x9_prize_schism], layout_gridville
D:8:      layout_basic, lemuel_crystal_altar, kennysheep_mini_moat
D:9:      layout_rooms, zin_academy, kennysheep_little_box, kennysheep_mini,
          minmay_lair_entry_grove, uniq_grum, uniq_erica
D:10:     layout_big_octagon, serial_gnoll_camp, gnoll_camp_mini_shop,
          gnoll_camp_mini_shop, gnoll_camp_mini_basic, gnoll_camp_mini_shop,
          gnoll_camp_mini_hut, gnoll_camp_mini_loothouse, uniq_psyche,
          uniq_josephine
Temple:   minmay_temple_curvy_loop

Skill      XL: |  1  2  3  4  5  6  7  8  9 10 |
---------------+-------------------------------+-----
Charms         | 3 4 5 6 |  6.0
Armour         | 1 2 3 4 5 |  5.1
Polearms       | 2 3 4 5 6 8 |  8.7
Dodging        | 2 3 4 5 |  5.3
Throwing       | 1 2 3 4 |  4.9
Spellcasting   | 3 4 5 |  5.8
Fighting       | 3 4 5 |  5.0
Necromancy     | 3 |  3.6
Evocations     | 1 |  1.2

Action                   |  1- 3 |  4- 6 |  7- 9 | 10-12 || total
-------------------------+-------+-------+-------+-------++-------
Melee: Spear             |   204 |   394 |       |   101 ||   699
       Kick              |       |    52 |    60 |    56 ||   168
       Dagger            |       |    32 |   194 |       ||   226
       Mace              |       |       |    29 |   127 ||   156
Throw: Dart              |     5 |    28 |    76 |    17 ||   126
       Boomerang         |       |     1 |    21 |     6 ||    28
       Throwing net      |       |       |     1 |       ||     1
 Cast: Infusion          |     4 |     6 |     3 |     1 ||    14
       Shroud of Golubri |     4 |     8 |     6 |     2 ||    20
       Song of Slaying   |     6 |     6 |     3 |     3 ||    18
  Use: Scroll            |       |     4 |     6 |     6 ||    16
       Potion            |       |     2 |       |     7 ||     9
  Eat: Chunk             |     6 |    14 |    16 |     5 ||    41
       Ration            |       |       |     1 |     3 ||     4
Armor: Leather armour    |     9 |       |       |       ||     9
       Ring mail         |    75 |   118 |    92 |       ||   285
       Skin              |       |     5 |       |       ||     5
       Scale mail        |       |       |    18 |   154 ||   172
Dodge: Dodged            |   146 |   192 |   126 |   173 ||   637

Table legend:
 A = Non-vault XP
 B = Vault XP
 C = Vault XP percentage of total XP
 D = Non-vault monster count
 E = Vault monster count
 F = Vault count percentage of total count
                 A         B        C        D         E       F
            +---------+---------+-------+---------+---------+-------
      Total |    6395 |    4440 |  41.0 |     190 |      75 |  28.3
            +---------+---------+-------+---------+---------+-------
        D:1 |      30 |       3 |   9.1 |      13 |       2 |  13.3
        D:2 |      37 |      10 |  21.3 |      19 |       3 |  13.6
        D:3 |      71 |      22 |  23.7 |      27 |       4 |  12.9
        D:4 |     151 |     208 |  57.9 |      15 |       1 |   6.2
        D:5 |     808 |     286 |  26.1 |      24 |       1 |   4.0
        D:6 |     817 |     114 |  12.2 |      20 |       4 |  16.7
        D:7 |    1494 |    1737 |  53.8 |      21 |      16 |  43.2
        D:8 |    1292 |     374 |  22.4 |      22 |       3 |  12.0
        D:9 |    1089 |    1559 |  58.9 |      15 |      13 |  46.4
       D:10 |     606 |      43 |   6.6 |      14 |       4 |  22.2
      Sewer |       0 |      84 | 100.0 |       0 |      24 | 100.0
            +---------+---------+-------+---------+---------+-------
